 Dungeon Crawl Stone Soup version 0.29-a0-337-g68df138881 (webtiles) character file.

Game seed: 4541033801158743513

46 spaghetti the Conjurer (level 3, -3/21 HPs)
             Began as an Octopode Conjurer on Apr 16, 2022.
             Killed from afar by Sigmund (6 damage)
             ... with a magic dart
             ... on level 2 of the Dungeon.
             The game lasted 00:02:53 (1961 turns).

spaghetti the Conjurer (Octopode Conjurer)          Turns: 1961, Time: 00:02:54

Health: -3/21      AC:  2    Str:  6    XL:     3   Next: 66%
Magic:  5/6        EV: 13    Int: 22    God:
Gold:   100        SH:  0    Dex: 10    Spells: 2/7 levels left

rFire   . . .      SeeInvis .   (no weapon)
rCold   . . .      Faith    .   (no shield)
rNeg    . . .      Spirit   .   s - +1 hat
rPois   .          Reflect  .   (no amulet)
rElec   .          Harm     .   (no ring)
rCorr   .          Rampage  .   (no ring)
Will    .....                   (no ring)
Stlth   ++........              (no ring)
HPRegen 0.07/turn               (no ring)
MPRegen 0.10/turn               (no ring)
                                (no ring)
                                (no ring)

@: confused
A: almost no armour, amphibious, 8 rings, camouflage 1, gelatinous body 1,
(nimble swimmer 1), tentacles
a: no special abilities


You were on level 2 of the Dungeon.
You visited 1 branch of the dungeon, and saw 2 of its levels.

You collected 100 gold pieces.


Innate Abilities, Weirdness & Mutations

You cannot wear most types of armour.
You are amphibious.
You can wear up to eight rings at the same time.
Your skin changes colour to match your surroundings (Stealth+).
Your rubbery body absorbs attacks. (AC +1, EV +1)
((You are camouflaged when in or above water. (Stealth+)))
You have tentacles for arms and can constrict up to eight enemies at once.


   Skills:
 - Level 2.0 Dodging
 - Level 2.6 Stealth
 + Level 2.6 Spellcasting
 * Level 4.9 Conjurations


You had 2 spell levels left.
You knew the following spells:

 Your Spells              Type           Power      Damage    Failure   Level
a - Magic Dart            Conj           96%        1d7       1%          1
b - Searing Ray           Conj           48%        2d6       2%          2
c - Poisonous Vapours     Pois/Air       4%         N/A       21%         2

Your spell library contained the following spells:

 Spells                   Type           Power      Damage    Failure   Level
 Corpse Rot               Necr/Air       4%         N/A       21%         2
 Dazzling Flash           Conj/Hex       26%        N/A       14%         3
 Fulminant Prism          Conj/Hex       6%         3d7       43%         4
 Iskenderun's Mystic Bla  Conj/Tloc      13%        2d5       43%         4

Inventory:

Hand Weapons
 d - a +0 hand axe {axe}
   (You found it on level 1 of the Dungeon)
 e - a +0 club {mace}
   (You took it off a goblin on level 1 of the Dungeon)
 f - a +0 club {mace}
   (You took it off a goblin on level 1 of the Dungeon)
 h - a +0 short sword {short}
   (You took it off a kobold on level 1 of the Dungeon)
 k - a +0 dagger {short}
   (You took it off a goblin on level 1 of the Dungeon)
 l - a +0 dagger {short}
   (You took it off a kobold on level 1 of the Dungeon)
 r - a +0 dagger {short}
   (You took it off a hobgoblin on level 2 of the Dungeon)
 t - a +0 dagger {short}
   (You took it off a goblin on level 2 of the Dungeon)
 u - a +0 mace {mace}
   (You found it on level 2 of the Dungeon)
Missiles
 c - 104 stones {throwing}
 p - 2 poisoned darts {throwing}
Armour
 s - a +1 hat (worn)
   (You found it on level 2 of the Dungeon)
Scrolls
 b - 2 scrolls of identify {unknown}
 g - a scroll of brand weapon {unknown}
 i - a scroll of magic mapping {unknown}
 n - a scroll of vulnerability {unknown}
 v - a scroll of torment {unknown}
Potions
 a - a potion of magic
 j - a potion of lignification {unknown}
 m - 2 potions of ambrosia {unknown}
 o - a potion of berserk rage {unknown}
 q - a potion of flight {unknown}

Dungeon Overview and Level Annotations

Branches:
Dungeon (2/15)

Altars:

Annotations:
D:2 Sigmund

.##.########
.##.# ..#.#
....# #
..### .#
...... ###.
.####.. #.[
.# #.# ##
#@# #.# #.#
#.# #{# #.#
# #.# #.#.#
#.#.##


There were no monsters in sight!


Message History

Sigmund the Dreaded comes into view.
He is wielding a +0 scythe.
There is a stone staircase leading down here.
Casting: Poisonous Vapours (safe; 21% risk of failure)
Confirm with . or Enter, or press ? or * to list all spells.
Aiming: Poisonous Vapours (safe; 21% risk of failure)
Press: ? - help, Dir - move target, f - Sigmund
Aim: Sigmund, wielding a +0 scythe and wearing a +0 robe (asleep)
You miscast Poisonous Vapours.
You are very lightly contaminated with residual magic.
Nothing appears to happen. 😎 MP[-2]
You lost 2 mp, and now have 4/6 mp.
Casting: Poisonous Vapours (safe; 21% risk of failure)
Confirm with . or Enter, or press ? or * to list all spells.
Aiming: Poisonous Vapours (safe; 21% risk of failure)
Press: ? - help, Dir - move target, f/p - Sigmund
Aim: Sigmund, wielding a +0 scythe and wearing a +0 robe (asleep) Poisonous vapours surround Sigmund!
Sigmund is poisoned.
Sigmund shouts! 😎 MP[-2]
You lost 2 mp, and now have 2/6 mp.
Sigmund casts a spell at you. You resist with significant effort.
Your magical contamination has completely faded away. 😎 MP[+1]
Casting: Poisonous Vapours (safe; 21% risk of failure)
Confirm with . or Enter, or press ? or * to list all spells.
Aiming: Poisonous Vapours (safe; 21% risk of failure)
Press: ? - help, Dir - move target, f/p - Sigmund
Aim: Sigmund, wielding a +0 scythe and wearing a +0 robe (moderately wounded) Poisonous vapours surround Sigmund!
Sigmund is poisoned. 😎 MP[-2]
You lost 2 mp, and now have 1/6 mp.
Sigmund casts a spell at you. The magic dart hits you! 😮 HP[-7]
You take 7 damage, and now have 14/21 hp.
MASSIVE DAMAGE!! (PAUSE) 😮 MP[+1] 😮 HP[+1]
Casting: Poisonous Vapours (safe; 21% risk of failure)
Confirm with . or Enter, or press ? or * to list all spells.
Aiming: Poisonous Vapours (safe; 21% risk of failure)
Press: ? - help, Dir - move target, f/p - Sigmund
Aim: Sigmund, wielding a +0 scythe and wearing a +0 robe (heavily wounded)
You miscast Poisonous Vapours.
You are very lightly contaminated with residual magic.
Nothing appears to happen. 😮 MP[-2]
You lost 2 mp, and now have 0/6 mp.
Sigmund mumbles some strange words.
Sigmund flickers and vanishes!
Deactivating autopickup; reactivate with Ctrl-A. 😮 MP[+1]
Your magical contamination has completely faded away. 😕 HP[+1] 😕 MP[+1] 😕 HP[+1] MP[+1]
You see here 10 stones {throwing}. 😕 MP[+1]
You aren't carrying any items that you can evoke.
Casting: Poisonous Vapours (safe; 21% risk of failure)
Confirm with . or Enter, or press ? or * to list all spells.
Aiming: Searing Ray (safe; 2% risk of failure)
Press: ? - help, Shift-Dir - straight line (Press . to maintain the ray.) 😕 HP[+1] MP[-2]
You lost 2 mp, and now have 2/6 mp.
A puff of flame appears from out of thin air!
The puff of flame hits you!
Ouch! That really hurt!
* * * LOW HITPOINT WARNING * * *
😨 HP[-11] MP[-1]
You take 11 damage, and now have 7/21 hp.
MASSIVE DAMAGE!! (PAUSE)
You lost 1 mp, and now have 1/6 mp.
A puff of flame appears from out of thin air!
The puff of flame hits you.
* * * LOW HITPOINT WARNING * * *
😱 HP[-4] MP[-1]
You take 4 damage, and now have 3/21 hp.
You lost 1 mp, and now have 0/6 mp.
Without enough magic to sustain it, your searing ray dissipates.
Magic courses through your body. 😱 MP[+6]
Your mp is fully restored (6).
Casting: Searing Ray (safe; 2% risk of failure)
Confirm with . or Enter, or press ? or * to list all spells.
You can't see any susceptible monsters within range! (Use Z to cast anyway.)
Casting: Searing Ray (safe; 2% risk of failure)
Confirm with . or Enter, or press ? or * to list all spells.
Aiming: Searing Ray (safe; 2% risk of failure)
Press: ? - help, Shift-Dir - straight line (Press . to maintain the ray.)
You are confused. 😱 MP[-2]
You lost 2 mp, and now have 4/6 mp.
A magic dart appears from out of thin air!
The magic dart hits you.
You die...

Action                   || total
-------------------------++-------
Melee: Unarmed           ||    17
       Constrict         ||     6
       Tentacles         ||     6
 Cast: Magic Dart        ||    44
       Poisonous Vapours ||    26
       Searing Ray       ||     2
  Use: Potion            ||     1
Armor: Skin              ||     2
Dodge: Dodged            ||    32

Levels and vault maps discovered:
D:1:      psy_arrival_radial01, layout_rooms
D:2:      layout_loops_ring, uniq_sigmund

Notes
Turn   | Place    | Note
-------+----------+-------------------------------------------
     0 | D:1      | spaghetti the Octopode Conjurer began the quest for the
                  | Orb.
     0 | D:1      | Reached XP level 1. HP: 11/11 MP: 3/3
     0 | D:1      | magus.rc [v1.9.6]
   171 | D:1      | Reached XP level 2. HP: 17/17 MP: 0/5
   631 | D:1      | Reached XP level 3. HP: 21/21 MP: 3/6
   893 | D:1      | You pick up a book of Vapours and begin reading...
   893 | D:1      | You add the spells Poisonous Vapours and Corpse Rot to your
                  | library.
   897 | D:1      | Learned a level 2 spell: Searing Ray
   900 | D:1      | Learned a level 2 spell: Poisonous Vapours
  1890 | D:2      | Noticed Sigmund
  1957 | D:2      | HP: 3/21 [something/puff of flame (4)]
  1961 | D:2      | Killed from afar by Sigmund

Vanquished Creatures
  A worm (D:2)
  2 dart slugs (D:1)
  6 ball pythons
  4 endoplasms (D:1)
  2 giant cockroaches
  4 goblins
  4 hobgoblins
  8 bats
  2 frilled lizards
  2 kobolds (D:1)
35 creatures vanquished.

Table legend:
 A = Non-vault XP
 B = Vault XP
 C = Vault XP percentage of total XP
 D = Non-vault monster count
 E = Vault monster count
 F = Vault count percentage of total count
                 A         B        C        D         E       F
            +---------+---------+-------+---------+---------+-------
      Total |      66 |       0 |   0.0 |      35 |       0 |   0.0
            +---------+---------+-------+---------+---------+-------
        D:1 |      42 |       0 |   0.0 |      23 |       0 |   0.0
        D:2 |      24 |       0 |   0.0 |      12 |       0 |   0.0
            +---------+---------+-------+---------+---------+-------

Illustrated notes

Table legend:
 A = Kills in this place as a percentage of kills in entire the game.
 B = Kills by you in this place as a percentage of kills by you in the entire game.
 C = Kills by friends in this place as a percentage of kills by friends in the entire game.
 D = Other kills in this place as a percentage of other kills in the entire game.
 E = Experience gained in this place as a percentage of experience gained in the entire game.
 F = Experience gained in this place divided by the number of levels of this place that you have seen.
                   A       B       C       D       E      F
               +-------+-------+-------+-------+-------+----------------------
         Total | 100.0 | 100.0 |   N/A |   N/A | 100.0 |  33.0
       Dungeon | 100.0 | 100.0 |   N/A |   N/A | 100.0 |  33.0
               +-------+-------+-------+-------+-------+----------------------

Table legend: (Time is in decaauts)
 A = Elapsed time spent in this place.
 B = Non-inter-level travel time spent in this place.
 C = Inter-level travel time spent in this place.
 D = Time resting spent in this place.
 E = Time spent auto-exploring this place.
 F = Levels seen in this place.
 G = Mean time per level.
                   A        B        C        D        E       F      G
               +--------+--------+--------+--------+--------+-----+--------+
         Total |   1961 |   1956 |      5 |    122 |   1522 |   2 |  980.5 |
       Dungeon |   1961 |   1956 |      5 |    122 |   1522 |   2 |  980.5 |
               +--------+--------+--------+--------+--------+-----+--------+

Top non-repeatable levels by time:
     D:1: 1059 daAuts
     D:2: 902 daAuts
